 Dungeon Crawl Stone Soup version 0.31-a0-965-g8a8ce12e04 (webtiles) character file.

Game seed: 12713901012709951006

1112 Azuregosa the Covert (level 8, -5/54 HPs)
             Began as an Octopode Delver on Oct 26, 2023.
             Was an Initiate of Gozag.
             Shot with an arrow by a centaur (10 damage)
             ... on level 7 of the Dungeon.
             The game lasted 00:16:46 (5647 turns).

Azuregosa the Covert (Octopode Delver)              Turns: 5647, Time: 00:16:47

Health: -5/54      AC:  5    Str: 11    XL:     8   Next: 33%
Magic:  8/8        EV: 14    Int: 12    God:    Gozag
Gold:   722        SH:  0    Dex: 22    Spells: 7/7 levels left

rFire   . . .        y - +3 dagger (venom)
rCold   . . .        (no shield)
rNeg    . . .        (helmet restricted)
rPois   .            F - amulet of regeneration
rElec   .            E - +6 ring of dexterity
rCorr   +            v - +4 ring of protection
SInv    .            I - ring of resist corrosion
Will    .....        (no ring)
Stlth   +++++++      (no ring)
HPRegen 1.09/turn    (no ring)
MPRegen 0.11/turn    (no ring)
                     (no ring)

%: no passive effects
@: weakened, gold aura, hasted, studying Shapeshifting, very quick
A: almost no armour, amphibious, 8 rings, camouflage 1, gelatinous body 1,
(nimble swimmer 1), tentacles
a: Renounce Religion, Potion Petition, Call Merchant, Bribe Branch


You were on level 7 of the Dungeon.
You worshipped Gozag.
Gozag was pleased with you.
You visited 2 branches of the dungeon, and saw 8 of its levels.

You collected 783 gold pieces.
You paid 61 gold pieces to Gozag.

Inventory:

Hand Weapons
 a - a +0 short sword
 y - a +3 dagger of venom (weapon)
 z - a +1 sling of freezing
 A - a +1 dagger of venom
Missiles
 h - 65 stones
 o - 10 boomerangs
 D - 10 poisoned darts
Jewellery
 v - a +4 ring of protection (right tentacle)
 E - a +6 ring of dexterity (left tentacle)
 F - an amulet of regeneration (around mantle)
 I - a ring of resist corrosion (on tentacle)
Talismans
 u - a flux talisman
 C - a storm talisman
Wands
 f - a wand of digging (3)
 t - a wand of polymorph (9)
Scrolls
 b - 3 scrolls of fog
 c - 2 scrolls of enchant armour {unknown}
 g - 2 scrolls of blinking {unknown}
 i - a scroll of acquirement {unknown}
 j - a scroll of noise {unknown}
 k - a scroll of revelation
 l - 5 scrolls of teleportation {unknown}
 m - 2 scrolls of enchant weapon {unknown}
 q - 5 scrolls of identify {unknown}
 w - a scroll of amnesia {unknown}
 B - a scroll of immolation {unknown}
 G - a scroll of silence {unknown}
Potions
 d - a potion of lignification {unknown}
 e - a potion of haste
 n - 2 potions of attraction {unknown}
 p - 2 potions of degeneration {unknown}
 r - a potion of magic {unknown}
 s - a potion of ambrosia {unknown}
 x - a potion of heal wounds {unknown}
 H - a potion of curing {unknown}


   Skills:
 + Level 4.4 Fighting
 + Level 3.8 Short Blades
 - Level 2.0 Dodging
 - Level 13.3 Stealth


You had 7 spell levels left.
You didn't know any spells.
Your spell library contained the following spells:

 Spells                   Type           Power      Damage    Failure   Level
 Magic Dart               Conj           0%         1d3       32%         1
 Summon Small Mammal      Summ           0%         N/A       32%         1
 Call Imp                 Summ           0%         N/A       45%         2
 Call Canine Familiar     Summ           0%         N/A       69%         3
 Dazzling Flash           Conj/Hex       0%         N/A       69%         3
 Mephitic Cloud           Conj/Pois/Air  0%         N/A       69%         3
 Summon Guardian Golem    Hex/Summ       0%         N/A       69%         3
 Volatile Blastmotes      Fire/Tloc      0%         2d10      69%         3
 Starburst                Conj/Fire      0%         6d3       100%        6
 Maxwell's Capacitive Co  Air            0%         ∞         100%        8


Dungeon Overview and Level Annotations

Branches:
Dungeon (7/15)             Temple (1/1) D:4

Altars:
Ashenzari
Cheibriados
Elyvilon
Gozag
Hepliaklqana
Kikubaaqudgha
Makhleb
Nemelex Xobeh
Okawaru
Ru
Uskayaw
Vehumet
Wu Jian
Xom
Zin
The Shining One

Annotations:
D:5 Dowan, Duvessa


Innate Abilities, Weirdness & Mutations

You cannot wear most types of armour.
You are amphibious.
You can wear up to eight rings at the same time.
Your skin changes colour to match your surroundings (Stealth+).
Your rubbery body absorbs attacks. (AC +1, EV +1)
((You are camouflaged when in or above water. (Stealth+)))
You have tentacles for arms and can constrict up to eight enemies at once.


Message History

The centaur shouts!
You barely miss the centaur.
The centaur is no longer distracted by gold.
The gnoll bouda is no longer distracted by gold.
The gnoll bouda gazes fiercely through you!
You feel your attacks grow feeble. The gnoll closely misses you.
The centaur unwields a +0 shortbow.
The centaur hits you but does no damage.
The centaur closely misses you.
You hit the centaur.
The centaur is lightly wounded.
The centaur hits you but does no damage.
The centaur kicks you but does no damage.
The gnoll hits you from afar with a +0 halberd!
You hit the centaur but do no damage.
The centaur is poisoned.
You squeeze the centaur.
The centaur is moderately wounded.
The centaur is distracted by your dazzling golden aura.
The gnoll hits you from afar with a +0 spear.
* * * LOW HITPOINT WARNING * * *
The centaur shouts!
You hit the centaur.
The centaur looks even sicker.
The centaur is no longer distracted by gold.
The centaur is moderately wounded.
The centaur hits you but does no damage.
The centaur barely misses you.
The gnoll hits you from afar with a +0 halberd!
* * * LOW HITPOINT WARNING * * *
The gnoll hits you from afar with a +0 spear.
* * * LOW HITPOINT WARNING * * *
Okay, then.
You feel yourself speed up. The centaur closely misses you.
The centaur kicks you but does no damage.
The gnoll barely misses you.
The centaur hits you but does no damage.
The centaur completely misses you. The gnoll barely misses you.
The centaur wields a +0 shortbow.
The centaur shoots an arrow.
The arrow hits you!
You die...
Your body crumbles into a pile of gold.

#....#.##..........#
#..#.#.##....##....# .....
#..#.#.##...###...># ....#
#..#.#.##.#.# #....# .....#
#..#.#.##.#.#####.## ......
#..#.#<##...#.###.####.....#
#......######..........(....
##.#.#.........#.###.......#
##.#.#.#####...#@.cgg.#
...#...# #...#####g...#
######## ##.## .....# ###
.#.#..# #...#.## # #.#.. #.#
## #.#


You could see a centaur (very poisoned), a gnoll bouda and 2 gnolls.

Vanquished Creatures
  A wyvern (D:6)
  Sigmund (D:2)
  Menkaure (D:6)
  Blork the orc (D:4)
  A bullfrog (D:6)
  2 scorpions
  2 hounds
  2 jellies (D:7)
  A sleepcap (D:6)
  An orc wizard (D:5)
  10 gnolls
  6 adders
  A river rat (D:4)
  A shadow imp (D:7)
  A white imp (D:5)
  2 ufetubi (D:5)
  7 worms
  2 dart slugs
  4 orcs (D:4)
  6 bats
  10 endoplasms
  2 giant cockroaches
  7 goblins
  3 hobgoblins
  4 quokkas
  9 ball pythons
  2 frilled lizards (D:3)
  7 kobolds
  6 rats
103 creatures vanquished.

Notes
Turn   | Place    | Note
-------+----------+-------------------------------------------
     0 | D:5      | Azuregosa the Octopode Delver began the quest for the Orb.
     0 | D:5      | Reached XP level 1. HP: 16/16 MP: 1/1
    38 | D:5      | Noticed an orc wizard
    38 | D:5      | Noticed an orc priest
   121 | D:4      | Found a sacrificial altar of Ru.
   270 | D:4      | Noticed Blork the orc
   310 | D:3      | Reached skill level 7 in Stealth
   310 | D:3      | Reached XP level 2. HP: 5/21 MP: 2/2
   585 | D:3      | Found an ancient bone altar of Kikubaaqudgha.
   762 | D:3      | Reached XP level 3. HP: 24/26 MP: 3/3
   777 | D:3      | Reached skill level 8 in Stealth
   800 | D:3      | Found an opulent altar of Gozag.
   879 | D:3      | Found a faded altar of an unknown god.
  1017 | D:3      | Found an iron altar of Okawaru.
  1025 | D:3      | Found a hide-covered altar of Uskayaw.
  1337 | D:2      | Reached XP level 4. HP: 31/31 MP: 4/4
  1515 | D:2      | Found a hide-covered altar of Uskayaw.
  1574 | D:2      | Reached skill level 9 in Stealth
  1593 | D:2      | Noticed Sigmund
  1654 | D:3      | Became a worshipper of Gozag Ym Sagoz the Greedy
  2514 | D:1      | Reached XP level 5. HP: 36/36 MP: 5/5
  3364 | D:2      | Killed Sigmund
  3365 | D:2      | Reached skill level 10 in Stealth
  3365 | D:2      | Reached XP level 6. HP: 42/42 MP: 6/6
  3430 | D:4      | Killed Blork the orc
  3431 | D:4      | Reached skill level 11 in Stealth
  3522 | D:4      | Found a staircase to the Ecumenical Temple.
  3542 | D:4      | HP: 2/42 [worm (11)]
  3817 | Temple   | Entered the Ecumenical Temple
  4195 | D:5      | Noticed Duvessa
  4213 | D:5      | Reached XP level 7. HP: 44/46 MP: 7/7
  4295 | D:5      | Reached skill level 12 in Stealth
  4547 | D:5      | Noticed Dowan
  4716 | D:6      | Found a sparkling altar of Nemelex Xobeh.
  4838 | D:6      | Noticed Menkaure
  4844 | D:6      | Killed Menkaure
  4845 | D:6      | Reached skill level 13 in Stealth
  5101 | D:6      | Reached XP level 8. HP: 52/52 MP: 8/8
  5364 | D:7      | Noticed a wyvern
  5384 | D:6      | Killed a wyvern
  5647 | D:7      | Shot with an arrow by a centaur

Illustrated notes

Levels and vault maps discovered:
D:1:      eino_arrival_druids_welcome, layout_loops_ring, minmay_pentomino_v2
D:2:      minmay_chambers_of_twos, layout_basic, basic_altar,
          chequers_decorated_corner, uniq_sigmund
D:3:      layout_basic, kiku_gazebo_pond_becter, mainiacjoe_overflow_chevrons,
          mainiacjoe_overflow_big_doors, shapermc_ecumenical_altar_flowoftime
D:4:      layout_cave_pods, mainiacjoe_overflow_catwalk,
          minmay_temple_entry_drinking_statues, cheibrodos_sewer_entry_sluice,
          uniq_blork_the_orc
D:5:      minmay_angry_zag, layout_basic, mainiacjoe_overflow_alcove_2,
          uniq_edmund, uniq_duvessa, uniq_grinder
D:6:      layout_loops_cross, nemelex_xobeh_ov_fountains_minmay,
          chequers_garden, uniq_menkaure
D:7:      layout_basic, lemuel_blue_sif_altar,
          mainiacjoe_overflow_surrounded_room, gammafunk_ghost_necromancy,
          serial_shops, nicolae_shop_back_alley_shop, uniq_prince_ribbit1
Temple:   eino_wide_crystal_templ

Skill      XL: |  1  2  3  4  5  6  7  8 |
---------------+-------------------------+-----
Stealth        | 7 8 9 10 11 13 | 13.3
Fighting       | 4 |  4.4
Short Blades   | 3 |  3.8
Dodging        | |  2.0

Action                     |  1- 3 |  4- 6 |  7- 9 || total
---------------------------+-------+-------+-------++-------
  Melee: Short sword       |    44 |    64 |       ||   108
         Tentacles         |    11 |    26 |    24 ||    61
         Constrict         |    10 |    25 |    16 ||    51
         Punch             |     1 |       |     3 ||     4
         Dagger            |       |    53 |    80 ||   133
  Throw: Stone             |       |       |     3 ||     3
    Use: Scroll            |     1 |     1 |       ||     2
         Potion            |       |       |     1 ||     1
   Stab: Sleeping          |    10 |    23 |     2 ||    35
         Distracted        |       |     1 |       ||     1
 Armour: Skin              |    12 |    47 |    62 ||   121
  Dodge: Dodged            |    22 |    64 |    77 ||   163

Table legend: (Time is in decaauts)
 A = Elapsed time spent in this place.
 B = Non-inter-level travel time spent in this place.
 C = Inter-level travel time spent in this place.
 D = Time resting spent in this place.
 E = Time spent auto-exploring this place.
 F = Levels seen in this place.
 G = Mean time per level.
                   A        B        C        D        E       F      G
               +--------+--------+--------+--------+--------+-----+--------+
         Total |   5624 |   5410 |    214 |    589 |   2992 |   8 |  703.0 |
       Dungeon |   5623 |   5409 |    214 |    589 |   2992 |   7 |  803.3 |
        Temple |      1 |      1 |      0 |      0 |      0 |   1 |    1.0 |
               +--------+--------+--------+--------+--------+-----+--------+

Top non-repeatable levels by time:
     D:2: 1336 daAuts
     D:4: 1115 daAuts
     D:3: 945 daAuts
     D:1: 862 daAuts
     D:6: 651 daAuts
     D:5: 444 daAuts
     D:7: 268 daAuts
  Temple: 1 daAuts
